 Dungeon Crawl Stone Soup version 0.28.0 (webtiles) character file.

Game seed: 967276045762913500

2916 funkygono the Arsonist (level 9, -2/46 HPs)
             Began as a Gargoyle Fire Elementalist on Feb 14, 2022.
             Was a Believer of Vehumet.
             Slain by a hellwing (3 damage)
             ... on level 7 of the Dungeon.
             The game lasted 00:14:24 (8717 turns).

funkygono the Arsonist (Gargoyle Fire Elementalist) Turns: 8717, Time: 00:14:26

Health: -2/46      AC: 11    Str: 11    XL:     9   Next: 79%
Magic:  15/21      EV: 12    Int: 21    God:    Vehumet [**....]
Gold:   362        SH:  0    Dex: 16    Spells: 4/24 levels left

rFire   + . .      SeeInvis +   H - +2 flail (protect)
rCold   + . .      Faith    .   (no shield)
rNeg    + . .      Spirit   .   F - +1 leather armour {rC+}
rPois   ∞          Reflect  .   (no helmet)
rElec   +          Harm     .   (no cloak)
rCorr   .          Rampage  .   (no gloves)
Will    .....                   G - +0 pair of boots
Stlth   +++.......              (no amulet)
HPRegen 0.15/turn               u - +6 ring of dexterity
MPRegen 0.17/turn               v - ring of see invisible

@: on berserk cooldown, slowed, very slow
A: sickness immunity, AC +6, negative energy resistance 1, electricity
resistance, torment resistance 1, petrification resistance, camouflage 1, fire
resistance 1
a: Renounce Religion


You were on level 7 of the Dungeon.
You worshipped Vehumet.
Vehumet was pleased with you.
You visited 2 branches of the dungeon, and saw 8 of its levels.

You collected 362 gold pieces.

Inventory:

Hand Weapons
 c - a +0 club
 d - a +0 whip
 k - a +0 morningstar
 n - a +4 whip of flaming
 A - a +0 whip of flaming
 H - a +2 flail of protection (weapon)
Missiles
 e - 173 stones
Armour
 a - a +0 robe
 b - a +0 kite shield
 F - a +1 leather armour of cold resistance (worn)
 G - a +0 pair of boots (worn)
Magical Staves
 i - a staff of poison
Jewellery
 u - a +6 ring of dexterity (left hand)
 v - a ring of see invisible (right hand)
Wands
 y - a wand of acid (8)
Scrolls
 j - a scroll of identify
 l - a scroll of immolation
Potions
 g - a potion of ambrosia {unknown}
 h - a potion of attraction {unknown}
 m - 2 potions of cancellation
 p - 2 potions of lignification
 q - a potion of invisibility
 t - a potion of magic {unknown}
 B - a potion of resistance {unknown}
 E - a potion of haste


   Skills:
 + Level 0.5 Fighting
 + Level 0.4 Maces & Flails
 + Level 0.4 Armour
 + Level 2.0 Dodging
 - Level 2.1 Stealth
 * Level 8.4 Spellcasting
 * Level 5.6 Conjurations
 * Level 8.6 Fire Magic
 * Level 0.9 Earth Magic


You had 4 spell levels left.
You knew the following spells:

 Your Spells              Type           Power      Damage    Failure   Level
a - Foxfire               Conj/Fire      100%       2x1d9     1%          1
b - Scorch                Fire           90%        2d10      1%          2
c - Conjure Flame         Conj/Fire      38%        6-21      1%          3
d - Inner Flame           Hex/Fire       27%        N/A       4%          3
e - Flame Wave            Conj/Fire      38%        2d9       5%          4
f - Starburst             Conj/Fire      19%        6d7       63%         6
h - Sandblast             Erth           24%        2d8       7%          1

Your spell library contained the following spells:

 Spells                   Type           Power      Damage    Failure   Level
 Dazzling Flash           Conj/Hex       40%        N/A       10%         3
 Corpse Rot               Necr/Air       16%        N/A       16%         2
 Poisonous Vapours        Pois/Air       16%        N/A       16%         2
 Iskenderun's Mystic Bla  Conj/Tloc      20%        2d6       30%         4
 Cause Fear               Hex            4%         N/A       69%         4
 Discord                  Hex            4%         N/A       100%        8


Dungeon Overview and Level Annotations

Branches:
Dungeon (7/15)             Temple (1/1) D:4

Altars:
Ashenzari
Dithmenos
Elyvilon
Fedhas
Gozag
Hepliaklqana
Kikubaaqudgha
Makhleb
Nemelex Xobeh
Okawaru
Qazlal
Ru
Sif Muna
Trog
Uskayaw
Vehumet
Wu Jian
Xom
Yredelemnul
Zin
The Shining One

Shops:
D:5 *


Innate Abilities, Weirdness & Mutations

You are immune to sickness and miasma.
Your stone body is resilient. (AC +6)
You are immune to poison.
You resist negative energy. (rN+)
You are resistant to electric shocks. (rElec)
You are resistant to unholy torment.
You are immune to petrification.
Your skin changes colour to match your surroundings (Stealth+).
Your flesh is heat resistant. (rF+)


Message History

As you read the scroll of blinking, it crumbles to dust.
The centaur warrior skeleton barely misses you.
The centaur warrior skeleton kicks you but does no damage.
The centaur warrior skeleton hits you but does no damage.
The centaur warrior skeleton kicks you.
* * * LOW HITPOINT WARNING * * *
The hellwing swoops through the air toward you!
The hellwing hits you but does no damage.
The hellwing misses you.
Casting: Conjure Flame (safe; 1% risk of failure)
Confirm with . or Enter, or press ? or * to list all spells.
Okay, then.
Okay, then.
The hellwing barely misses you. The hellwing hits you.
* * * LOW HITPOINT WARNING * * *
The hellwing barely misses you.
The hellwing hits you but does no damage.
The centaur warrior skeleton barely misses you.
The centaur warrior skeleton kicks you but does no damage.
It was a potion of berserk rage.
A red film seems to cover your vision as you go berserk!
You feel yourself moving faster!
You feel mighty! The hellwing hits you.
* * * LOW HITPOINT WARNING * * *
The hellwing hits you.
* * * LOW HITPOINT WARNING * * *
The centaur warrior skeleton misses you.
The centaur warrior skeleton kicks you but does no damage.
You are too berserk!
You feel a strong urge to attack something.
You feel your anger nearly subside.
You are no longer berserk.
You are exhausted.
You feel yourself slow down.
It was a potion of mutation.
You feel extremely strange.
You feel resistant to heat.
Your skin functions as natural camouflage.
The hellwing swoops through the air toward you!
The hellwing hits you but does no damage.
The hellwing hits you.
You die...

#.#####.....###.#
#.........4.....#
#.#####.......#.# #.#
#.#.#####.# . #.#
#.#.#####.############ .. #.#
#.#..................#
...#.#####.#.#####'##########.#
..?..........#.4....# #.#
#+##)......#.#..@Z..# ###.###
#.))....#.#......### #......
...)......#+#..)....?#######.###
#...............$...........#.#
#....#####.....#......#####.#.#
...... ......###.#### #.#.#
#.##.# #..... #.# #4#.# #. #.
...8.. #.# #§#.# 8.. #.# #.#.#


You could see a hellwing and a centaur warrior skeleton.

Vanquished Creatures
  A two-headed ogre (D:6)
  A centaur skeleton (D:7)
  A water moccasin (D:5)
  Duvessa (D:6)
  An orc warrior (D:5)
  4 sky beasts
  2 ogres (D:4)
  2 kobold brigands (D:7)
  2 scorpions
  A wyvern skeleton (D:6)
  Dowan (D:6)
  5 wights (D:6)
  A centaur zombie (D:6)
  3 hounds
  A jelly (D:5)
  2 orc priests
  A gnoll shaman (D:6)
  An iguana (D:4)
  Natasha (twice) (D:2)
  2 orc wizards (D:6)
  A hound skeleton (D:5)
  7 gnolls
  8 adders
  5 shadow imps
  A white imp (D:5)
  An ufetubus (D:4)
  3 worms
  3 dart slugs
  20 orcs
  3 ball pythons
  4 endoplasms
  4 giant cockroaches
  7 goblins
  6 hobgoblins
  4 jackals
  17 kobolds
  4 quokkas
  10 bats
  6 frilled lizards
  2 rats
151 creatures vanquished.

Vanquished Creatures (others)
  533 foxfires
  6 withered plants (D:7)
539 creatures vanquished.

Grand Total: 690 creatures vanquished

Notes
Turn   | Place    | Note
-------+----------+-------------------------------------------
     0 | D:1      | funkygono the Gargoyle Fire Elementalist began the quest
                  | for the Orb.
     0 | D:1      | Reached XP level 1. HP: 10/10 MP: 3/3
   205 | D:1      | Reached XP level 2. HP: 15/15 MP: 0/5
   208 | D:1      | Learned a level 2 spell: Scorch
   706 | D:1      | Reached XP level 3. HP: 19/19 MP: 1/6
   710 | D:1      | Learned a level 3 spell: Conjure Flame
  1091 | D:1      | Found a faded altar of an unknown god.
  1652 | D:2      | Noticed Natasha
  1660 | D:2      | Killed Natasha
  1661 | D:2      | Reached XP level 4. HP: 24/24 MP: 0/8
  1985 | D:2      | Noticed Natasha
  1990 | D:2      | Killed Natasha
  2066 | D:2      | Reached XP level 5. HP: 28/28 MP: 3/9
  2070 | D:2      | Learned a level 3 spell: Inner Flame
  3511 | D:3      | Noticed a sky beast
  3519 | D:3      | Killed a sky beast
  3520 | D:3      | Reached XP level 6. HP: 32/32 MP: 3/11
  3887 | D:4      | Reached skill level 5 in Fire Magic
  3900 | D:4      | Reached XP level 7. HP: 36/36 MP: 0/13
  4375 | D:4      | Found a staircase to the Ecumenical Temple.
  4395 | Temple   | Entered the Ecumenical Temple
  4401 | Temple   | Learned a level 4 spell: Flame Wave
  4508 | Temple   | Became a worshipper of Vehumet
  5084 | D:5      | Entered Level 5 of the Dungeon
  5094 | D:5      | Reached skill level 5 in Spellcasting
  5300 | D:5      | Reached XP level 8. HP: 24/41 MP: 1/16
  5578 | D:5      | Found Efiumyoh's General Store.
  6368 | D:6      | Reached * piety under Vehumet
  6368 | D:6      | Offered knowledge of Sandblast by Vehumet.
  6637 | D:6      | Noticed Duvessa
  6641 | D:6      | Noticed Dowan
  6645 | D:6      | Killed Dowan
  6646 | D:6      | Reached XP level 9. HP: 46/46 MP: 12/19
  6649 | D:6      | Killed Duvessa
  6650 | D:6      | Reached skill level 5 in Conjurations
  6915 | D:6      | Learned a level 1 spell: Sandblast
  7242 | D:6      | Noticed a two-headed ogre
  7252 | D:6      | Killed a two-headed ogre
  8052 | D:6      | Learned a level 6 spell: Starburst
  8218 | D:7      | Noticed a hellwing
  8597 | D:7      | Reached ** piety under Vehumet
  8712 | D:7      | HP: 3/69 [hellwing (5)]
  8712 | D:7      | HP: 1/69 [hellwing (2)]
  8717 | D:7      | Gained mutation: Your flesh is heat resistant. (rF+)
                  | [potion of mutation]
  8717 | D:7      | Gained mutation: Your skin changes colour to match your
                  | surroundings (Stealth+). [potion of mutation]
  8717 | D:7      | Slain by a hellwing

Illustrated notes

Levels and vault maps discovered:
D:1:      grunt_arrival_lava_bath, layout_basic, ebering_ecumenical_altar_mist,
          hangedman_decor_clover_reticule
D:2:      minmay_general_purpose_star, layout_loops_corners, uniq_natasha
D:3:      layout_loops_cross
D:4:      layout_rooms, minmay_temple_entry_offerings
D:5:      layout_cave_pools, serial_shops, shop_fountains, minivault_1
D:6:      layout_layer_cave, chequers_serial_rivers_small_3, uniq_duvessa
D:7:      cheibrodos_grave_circle, layout_basic, water_boxes_lemuel
Temple:   regret_index_temple_sigil_plot

Skill      XL: |  1  2  3  4  5  6  7  8  9 |
---------------+----------------------------+-----
Fire Magic     | 4 5 6 7 8 |  8.6
Conjurations   | 2 3 4 5 |  5.6
Spellcasting   | 3 4 5 7 8 |  8.4
Dodging        | 2 |  2.0
Fighting       | |  0.5
Maces & Flails | |  0.4
Armour         | |  0.4
Stealth        | |  2.1
Earth Magic    | |  0.9

Action                   |  1- 3 |  4- 6 |  7- 9 || total
-------------------------+-------+-------+-------++-------
Melee: Whip              |     1 |     2 |     4 ||     7
       Flail             |       |       |     6 ||     6
 Cast: Foxfire           |    59 |    81 |   175 ||   315
       Scorch            |     3 |    10 |    37 ||    50
       Conjure Flame     |       |       |     3 ||     3
       Flame Wave        |       |       |     2 ||     2
       Sandblast         |       |       |     1 ||     1
  Use: Scroll            |       |       |    11 ||    11
       Potion            |       |       |     4 ||     4
Armor: Robe              |    13 |    13 |    17 ||    43
       Leather armour    |       |       |    31 ||    31
Dodge: Dodged            |    13 |     6 |    64 ||    83
